 Dungeon Crawl Stone Soup version 0.29-a0-334-gb41bcbb86e (webtiles) character file.

Game seed: 11610401743470327637

768 zishaf the Sneak (level 7, 0/37 HPs)
             Began as a Vine Stalker Brigand on Apr 16, 2022.
             Slain by Duvessa
             ... wielding a +0 short sword
              (11 damage)
             ... on level 5 of the Dungeon.
             The game lasted 00:06:43 (4530 turns).

zishaf the Sneak (Vine Stalker Brigand)             Turns: 4530, Time: 00:06:44

Health: 0/37       AC:  6    Str: 14    XL:     7   Next: 82%
Magic:  0/8        EV: 13    Int: 11    God:
Gold:   250        SH:  0    Dex: 17    Spells: 6/6 levels left

rFire   . . .      SeeInvis .   a - +3 dagger (flame)
rCold   . . .      Faith    .   (no shield)
rNeg    . . .      Spirit   +   b - +0 robe
rPois   .          Reflect  .   t - +0 helmet
rElec   .          Harm     .   c - +0 cloak
rCorr   .          Rampage  .   (no gloves)
Will    .....                   i - +1 pair of boots
Stlth   ++++......              m - amulet of regeneration
HPRegen 1.72/turn               h - ring of flight
MPRegen 0.11/turn               (no ring)

@: mighty, flying
A: fangs 2, regeneration 1, magic shield, antimagic bite, no potion heal 2
a: no special abilities


You were on level 5 of the Dungeon.
You visited 1 branch of the dungeon, and saw 5 of its levels.

You collected 250 gold pieces.

Inventory:

Hand Weapons
 a - a +3 dagger of flaming (weapon)
Missiles
 d - 18 poisoned darts (quivered)
 e - 3 curare-tipped darts
 l - 2 datura-tipped darts
 x - 6 javelins
 y - 5 atropa-tipped darts
Armour
 b - a +0 robe (worn)
 c - a +0 cloak (worn)
 i - a +1 pair of boots (worn)
 t - a +0 helmet (worn)
Jewellery
 h - a ring of flight (left hand)
 m - an amulet of regeneration (around neck)
Scrolls
 f - a scroll of enchant weapon
 g - 2 scrolls of identify
 p - 2 scrolls of amnesia
 q - a scroll of enchant armour
 r - 3 scrolls of fog
Potions
 j - 2 potions of attraction {unknown}
 k - 2 potions of brilliance
 o - 3 potions of mutation {unknown}
 s - a potion of lignification {unknown}
 u - a potion of invisibility {unknown}
 v - a potion of berserk rage {unknown}
 w - a potion of haste {unknown}
 z - 2 potions of curing {unknown}


   Skills:
 + Level 3.7 Fighting
 + Level 3.7 Short Blades
 + Level 3.7 Throwing
 + Level 3.0 Dodging
 + Level 6.9 Stealth


You had 6 spell levels left.
You didn't know any spells.
Your spell library contained the following spells:

 Spells                   Type           Power      Damage    Failure   Level
 Confusing Touch          Hex            0%         N/A       71%         3
 Yara's Violent Unravell  Hex/Tmut       0%         3d3       100%        5
 Enfeeble                 Hex            0%         N/A       100%        7


Dungeon Overview and Level Annotations

Branches:
Dungeon (5/15)
 Temple: D:4-7

Altars:
Dithmenos
Qazlal

Annotations:
D:5 Duvessa, Pikel


Innate Abilities, Weirdness & Mutations

You have extremely sharp teeth.
Your natural rate of healing is unusually fast.
When hurt, damage is shared between your health and your magic reserves.
Your bite disrupts and absorbs the magic of your enemies.
Potions cannot restore your health.


Message History

The lemure misses you.
You barely miss the lemure.
The lemure is almost dead.
The lemure hits you but does no damage.
You hit the lemure but do no damage.
The lemure is almost dead.
The lemure misses you.
You hit the lemure but do no damage. Your bite misses the lemure.
The lemure is severely wounded.
The lemure closely misses you.
You barely miss the lemure. You bite the lemure. You drain its power.
The lemure is almost dead.
You hit the lemure. You burn the lemure.
You kill the lemure!
That felt strangely unrewarding.
Duvessa goes berserk!
Duvessa rages.
Duvessa hits you with a +0 short sword!
You see here a +0 spear.
You hit Duvessa but do no damage. Duvessa barely misses you.
You hit Duvessa but do no damage. Your bite misses Duvessa.
Duvessa hits you with a +0 short sword!
You feel very mighty all of a sudden. Duvessa misses you.
Duvessa hits you with a +0 short sword!
* * * LOW HITPOINT WARNING * * *
You hit Duvessa. You burn Duvessa.
Duvessa is lightly wounded.
Duvessa closely misses you.
You puncture Duvessa! You burn Duvessa.
Duvessa is moderately wounded.
Duvessa barely misses you.
You barely miss Duvessa. You bite Duvessa. You drain her power.
You feel invigorated.
Duvessa is heavily wounded.
Duvessa hits you with a +0 short sword.
* * * LOW HITPOINT WARNING * * *
You barely miss Duvessa. Your bite misses Duvessa.
Duvessa is heavily wounded.
Duvessa hits you with a +0 short sword!
You die...

.#
#.......##.##.#.##.#
.#
#.#####.#...#..#.#.#
.# #.......###..# .#
###...##.#.###
##.####>.# # #..#
#...# . ######..#
##..#
#.........#####.#
###.# ##...e@...#
#....# #.#.######
##g#...####.#.#
K5......5g....#
...#...####.### ####
#.# ..# ####


You could see Duvessa (berserk).

Vanquished Creatures
  An ice beast (D:3)
  A black bear (D:3)
  2 lemures (D:5)
  A necrophage (D:4)
  3 scorpions (D:5)
  Dowan (D:5)
  2 orc priests
  An iguana (D:3)
  An orc wizard (D:3)
  Terence (D:2)
  5 gnolls
  6 adders
  An ufetubus (D:4)
  A worm (D:4)
  A dart slug (D:2)
  3 orcs
  4 endoplasms
  A giant cockroach (D:1)
  5 goblins
  6 hobgoblins
  3 jackals
  6 kobolds
  4 quokkas
  7 ball pythons
  6 bats
  3 frilled lizards
  15 rats
91 creatures vanquished.

Notes
Turn   | Place    | Note
-------+----------+-------------------------------------------
     0 | D:1      | zishaf the Vine Stalker Brigand began the quest for the
                  | Orb.
     0 | D:1      | Reached XP level 1. HP: 11/11 MP: 2/2
   555 | D:1      | Reached skill level 1 in Dodging
   555 | D:1      | Reached XP level 2. HP: 15/15 MP: 3/3
   649 | D:1      | Reached skill level 5 in Stealth
  1477 | D:2      | Reached XP level 3. HP: 18/18 MP: 4/4
  1656 | D:2      | Found a shadowy altar of Dithmenos.
  2087 | D:2      | Found a faded altar of an unknown god.
  2169 | D:2      | Gained mutation: Your natural rate of healing is unusually
                  | fast. [Vine Stalker growth]
  2169 | D:2      | Reached XP level 4. HP: 23/23 MP: 5/5
  2329 | D:2      | Noticed Terence
  2405 | D:2      | Killed Terence
  2653 | D:3      | Reached XP level 5. HP: 8/27 MP: 1/6
  3058 | D:3      | Noticed an ice beast
  3098 | D:3      | Killed an ice beast
  3099 | D:3      | Reached skill level 6 in Stealth
  3099 | D:3      | Reached XP level 6. HP: 18/32 MP: 7/7
  3190 | D:3      | Noticed a black bear
  3207 | D:3      | Killed a black bear
  3448 | D:3      | Found a stormy altar of Qazlal.
  3678 | D:4      | Reached XP level 7. HP: 29/36 MP: 8/8
  4128 | D:5      | Entered Level 5 of the Dungeon
  4143 | D:5      | Noticed Duvessa
  4145 | D:5      | Noticed Dowan
  4311 | D:5      | Killed Dowan
  4479 | D:5      | Noticed Pikel
  4530 | D:5      | Slain by Duvessa

Illustrated notes

Levels and vault maps discovered:
D:1:      eino_arrival_tree_alley, layout_basic
D:2:      layout_basic, basic_altar, shapermc_ecumenical_altar_petra,
          uniq_terence
D:3:      layout_loops_corners, pf_just_have_faith, mrwooster_statue_mirror,
          minmay_vboxes
D:4:      layout_rooms, moated_statue, hangedman_decor_peaks_small
D:5:      layout_loops_ring, tgw_fedhas, uniq_edmund, uniq_duvessa,
          uniq_eustachio, uniq_pikel

Skill      XL: |  1  2  3  4  5  6  7 |
---------------+----------------------+-----
Dodging        | 1 2 3 |  3.0
Stealth        | 5 6 |  6.9
Throwing       | 2 3 |  3.7
Fighting       | 2 3 |  3.7
Short Blades   | 2 3 |  3.7

Action                   |  1- 3 |  4- 6 |  7- 9 || total
-------------------------+-------+-------+-------++-------
Melee: Dagger            |    82 |   198 |    82 ||   362
       Bite              |    13 |    70 |    28 ||   111
       Unarmed           |       |     3 |       ||     3
       Punch             |       |     2 |     1 ||     3
Throw: Dart              |       |     3 |       ||     3
Evoke: Wand              |       |       |     3 ||     3
  Use: Scroll            |       |     9 |     1 ||    10
       Potion            |       |       |     1 ||     1
 Stab: Sleeping          |     8 |    10 |     2 ||    20
Armor: Robe              |    14 |    43 |    12 ||    69
Dodge: Dodged            |    45 |   128 |    52 ||   225

Table legend: (Time is in decaauts)
 A = Elapsed time spent in this place.
 B = Non-inter-level travel time spent in this place.
 C = Inter-level travel time spent in this place.
 D = Time resting spent in this place.
 E = Time spent auto-exploring this place.
 F = Levels seen in this place.
 G = Mean time per level.
                   A        B        C        D        E       F      G
               +--------+--------+--------+--------+--------+-----+--------+
         Total |   4468 |   4250 |    218 |    393 |   2997 |   5 |  893.6 |
       Dungeon |   4468 |   4250 |    218 |    393 |   2997 |   5 |  893.6 |
               +--------+--------+--------+--------+--------+-----+--------+

Top non-repeatable levels by time:
     D:1: 1468 daAuts
     D:3: 1108 daAuts
     D:2: 1023 daAuts
     D:4: 510 daAuts
     D:5: 358 daAuts
